Construct Infanterie Kompanie
Selects Luftwaffe Battlegroup
Selects Luftwaffe Battlegroup
Selects Luftwaffe Pioneer Support
Fallschirmpioneer Squad Paradrop
Construct Panzergrenadier Kompanie
Selects Stuka Strafing Run
Selects Fallschirmjäger Squad Paradrop
Fallschirmjäger Squad Paradrop
Fallschirmjäger Squad Paradrop
Selects LG40 Recoilless Gun Paradrop
Construct Panzer Kompanie
Pak 40 Anti-tank Gun Team
Selects Fragmentation Bombs
Pak 40 Anti-tank Gun Team
Selects Infantry Reserves
Pak 40 Anti-tank Gun Team